 Dungeon Crawl Stone Soup version 0.21-a0-286-g6fcecc0 (webtiles) character file.

51 aspa the Magician (level 3, -4/21 HPs)
             Began as an Octopode Wizard on Sept 25, 2017.
             Slain by a bullfrog (8 damage)
             ... in a sewer.
             The game lasted 00:05:49 (1697 turns).

aspa the Magician (Octopode Wizard)                 Turns: 1697, Time: 00:05:50

Health: -4/21      AC:  1    Str:  6    XL:     3   Next: 81%
Magic:  0/8        EV: 13    Int: 21    God:
Gold:   78         SH:  0    Dex: 10    Spells: 2/10 levels left

rFire    + . .     SeeInvis .   a - +0 spear
rCold    . . .     Gourm    .   (no shield)
rNeg     . . .     Faith    .   m - +0 hat
rPois    .         Spirit   .   (no amulet)
rElec    .         Reflect  .   i - ring of protection from fire
rCorr    .         Harm     .   (no ring)
MR       .....                  (no ring)
Stlth    ++++......             (no ring)
HPRegen  0.07/turn              (no ring)
MPRegen  0.11/turn              (no ring)
                                (no ring)
                                (no ring)

@: very slightly contaminated
A: almost no armour, stealthy swim, amphibious, 8 rings, constrict 8, camouflage
1, gelatinous body 1
a: no special abilities


You were in a sewer.
You were not hungry.

You visited 1 branch of the dungeon, and saw 3 of its levels.
You also visited: Sewer.

You collected 78 gold pieces.

Inventory:

Hand Weapons
 a - a +0 spear (weapon)
Armour
 m - a +0 hat (worn)
Jewellery
 i - a ring of protection from fire (left tentacle)
Scrolls
 d - a scroll of random uselessness {unknown}
 e - 2 scrolls of fear {unknown}
 h - a scroll of enchant weapon {unknown}
Potions
 g - a potion of berserk rage {unknown}
 l - a potion of lignification {unknown}
 n - a potion of ambrosia {unknown}
Books
 b - a book of Minor Magic

   Spells                             Type                      Level
   a - Magic Dart                     Conjuration                  1
   b - Blink                          Translocation                2
   c - Call Imp                       Summoning                    2
   d - Slow                           Hexes                        2
   e - Conjure Flame                  Conjuration/Fire             3
   f - Mephitic Cloud                 Conjuration/Poison/Air       3
Comestibles
 c - a bread ration
 f - a chunk of flesh
 k - a meat ration


   Skills:
 - Level 2.0 Dodging
 - Level 2.6 Stealth
 + Level 4.0 Spellcasting
 * Level 2.0 Conjurations
 - Level 1.0 Summonings
 - Level 1.0 Translocations


You had 2 spell levels left.
You knew the following spells:

 Your Spells              Type           Power        Failure   Level  Hunger
a - Magic Dart            Conj           ##..         4%          1    None
b - Call Imp              Summ           #.......     12%         2    #......
d - Blink                 Tloc           N/A          12%         2    #......
f - Conjure Flame         Conj/Fire      #.......     24%         3    ###....


Dungeon Overview and Level Annotations

Branches:
Dungeon (3/15)

Altars:


Innate Abilities, Weirdness & Mutations

You cannot wear most types of armour.
You are very stealthy in the water. (Stealth+)
You are amphibious.
You can wear up to eight rings at the same time.
You can use your tentacles to constrict eight enemies at once.
Your skin changes colour to match your surroundings (Stealth+).
Your rubbery body absorbs attacks. (AC +1, EV +1)


Message History

Press: ? - help, v - describe, . - travel, g - get item
Here: a bullfrog A runed trident.
The floor.
Casting: Call Imp
Confirm with . or Enter, or press ? or * to list all spells.
You blink.
Floosh!
An adder comes into view.
The bullfrog hits you. The bullfrog completely misses you.
The bullfrog barely misses you.
Casting: Blink
Confirm with . or Enter, or press ? or * to list all spells.
You miscast Blink.
You are very lightly contaminated with residual magic.
The air around you crackles with energy!
The bullfrog hits you!
* * * LOW HITPOINT WARNING * * *
The bullfrog barely misses you. The bullfrog hits you!
You die...

#####################
##.....≈≈.≈≈.≈≈≈.....S
#..≈≈≈≈≈≈≈≈≈≈≈≈≈≈≈≈≈≈≈
#.≈≈≈≈≈≈≈≈≈≈≈≈≈≈≈≈≈≈≈≈
#.≈≈≈≈≈≈≈≈≈≈≈≈≈≈≈≈≈≈≈≈
#.≈≈≈≈..≈≈≈≈≈≈≈≈≈≈.≈≈.
#.≈≈≈.≈≈≈≈≈≈≈@########
#.≈≈≈.≈≈≈≈≈≈FF≈##
#.≈≈≈≈≈≈≈≈≈≈≈≈≈≈#
#.≈≈≈≈≈≈≈≈≈≈≈≈≈≈##
#.≈≈≈≈≈≈≈≈≈≈5.≈≈≈#
#.≈≈≈≈≈≈≈.≈≈..∩≈≈#
#.≈≈≈≈≈≈......≈≈≈##
#.≈≈≈≈≈≈≈≈≈...≈≈≈≈# ##
#.≈≈≈≈≈≈≈.≈.≈≈≈≈≈≈#


You could see 2 bullfrogs and a friendly iron imp.

Vanquished Creatures
  3 leopard geckos
  2 bats (D:1)
  5 giant cockroaches
  2 goblins
  6 hobgoblins
  A quokka (D:2)
  5 ball pythons
  5 frilled lizards (Sewer)
  2 kobolds
  A leopard gecko skeleton (D:2)
  9 rats
41 creatures vanquished.

Vanquished Creatures (collateral kills)
  A gnoll (D:1)
1 creature vanquished.

Grand Total: 42 creatures vanquished

Notes
Turn   | Place    | Note
-------+----------+-------------------------------------------
     0 | D:1      | aspa the Octopode Wizard began the quest for the Orb.
     0 | D:1      | Reached XP level 1. HP: 11/11 MP: 4/4
   364 | D:1      | Reached XP level 2. HP: 15/17 MP: 0/6
   368 | D:1      | Learned a level 2 spell: Call Imp
  1149 | D:2      | Reached XP level 3. HP: 20/21 MP: 5/8
  1154 | D:2      | Learned a level 3 spell: Conjure Flame
  1157 | D:2      | Learned a level 2 spell: Blink
  1337 | D:3      | Found a glowing drain.
  1367 | Sewer    | Entered a sewer
  1551 | Sewer    | Reached skill level 4 in Spellcasting
  1552 | Sewer    | Noticed a bullfrog
  1684 | Sewer    | Noticed a bullfrog
  1697 | Sewer    | Slain by a bullfrog

Vault maps used:
D:1:      lightli_arrival_windingriver
D:2:      first_bread
D:3:      portal_sewer_entry_b, grunt_ashenzari_visionary
Sewer:    sewer_frog_island_01

Skill      XL: |  1  2  3 |
---------------+----------+-----
Conjurations   | 2 |  2.0
Spellcasting   | 4 |  4.0
Dodging        | |  2.0
Stealth        | |  2.6
Summonings     | |  1.0
Translocations | |  1.0

Action                   || total
-------------------------++-------
Melee: Unarmed           ||     3
       Spear             ||    15
       Constrict         ||     6
       Tentacles         ||     2
 Cast: Magic Dart        ||    83
       Call Imp          ||     3
       Blink             ||     1
  Use: Scroll            ||     3
 Stab: Sleeping          ||     2
  Eat: Chunk             ||     2
Armor: Skin              ||     1
Dodge: Dodged            ||    16

Table legend:
 A = Spawn XP
 B = Non-spawn XP
 C = Spawn XP percentage of total XP
 D = Spawn monster count
 E = Non-spawn monster count
 F = Spawn count percentage of total count
 G = Total turns spent on level
                    A         B        C        D         E        F      G
               +---------+---------+-------+---------+---------+-------+---------
         Total |       0 |      73 |   0.0 |       0 |      42 |   0.0 |  1697
               +---------+---------+-------+---------+---------+-------+---------
           D:1 |       0 |      28 |   0.0 |       0 |      13 |   0.0 |  1101
           D:2 |       0 |      16 |   0.0 |       0 |      10 |   0.0 |   200
           D:3 |       0 |       9 |   0.0 |       0 |       7 |   0.0 |    66
         Sewer |       0 |      20 |   0.0 |       0 |      12 |   0.0 |   330
               +---------+---------+-------+---------+---------+-------+---------
